 Dungeon Crawl Stone Soup version 0.22-a0-533-g4d20840 (webtiles) character file.

20 kae the Insei (level 2, 0/31 HPs)
             Began as a Demonspawn Transmuter on June 22, 2018.
             Slain by a quasit (2 damage)
             ... on level 2 of the Dungeon.
             The game lasted 00:01:27 (1249 turns).

kae the Insei (Demonspawn Transmuter)               Turns: 1249, Time: 00:01:28

Health: 0/31       AC:  2    Str: 15      XL:     2   Next: 58%
Magic:  4/5        EV: 11    Int: 14      God:
Gold:   77         SH:  0    Dex:  6 (13) Spells: 4/5 levels left

rFire    . . .     SeeInvis .     - Unarmed
rCold    . . .     Gourm    .   (no shield)
rNeg     . . .     Faith    .   b - +0 robe
rPois    .         Spirit   .   (no helmet)
rElec    .         Reflect  .   (no cloak)
rCorr    .         Harm     .   (no gloves)
MR       .....                  (no boots)
Stlth    ..........             (no amulet)
HPRegen  0.10/turn              (no ring)
MPRegen  0.09/turn              (no ring)

@: berserking, appendage (expiring), very quick
A: horns 2, powered by pain 1
a: End Transformation


You were on level 2 of the Dungeon.
You were very hungry.
You had grown temporary horns.
You visited 1 branch of the dungeon, and saw 2 of its levels.

You collected 77 gold pieces.

Inventory:

Missiles
 a - 42 arrows
 g - a javelin of penetration (quivered)
Armour
 b - a +0 robe (worn)
Scrolls
 h - 2 scrolls of teleportation
 l - a scroll of identify
Potions
 e - a potion of haste {unknown}
 f - 2 potions of agility
 i - 3 potions of lignification {unknown}
 j - a potion of brilliance {unknown}
 k - 2 potions of degeneration {unknown}
Comestibles
 d - 5 rations


   Skills:
 + Level 1.3 Fighting
 - Level 1.7 Dodging
 * Level 3.0 Unarmed Combat
 + Level 2.1 Spellcasting
 * Level 2.2 Transmutations


You had 4 spell levels left.
You knew the following spells:

 Your Spells              Type           Power        Failure   Level  Hunger
a - Beastly Appendage     Tmut           #.....       10%         1    #......

Your spell library contained the following spells:

 Spells                   Type           Power        Failure   Level  Hunger
 Spider Form              Tmut/Pois      #.........   41%         3    ###....
 Blade Hands              Tmut           #.........   95%         5    ######.
 Ice Form                 Ice/Tmut       #.......     83%         4    #####..
 Sticks to Snakes         Tmut           #.......     14%         2    ###....


Dungeon Overview and Level Annotations

Branches:
Dungeon (2/15)

Altars:

Annotations:
D:2 Natasha


Innate Abilities, Weirdness & Mutations

You sometimes gain a little power by taking damage.
You have a pair of horns on your head.


Message History

The quasit closely misses you.
The quasit claws you but does no damage. x2
It was a potion of berserk rage.
A red film seems to cover your vision as you go berserk!
You feel yourself moving faster!
You feel mighty! The quasit barely misses you. The quasit closely misses you.
The quasit claws you.
* * * LOW HITPOINT WARNING * * *
You feel clumsy.
You are too berserk!
Unknown command.
You hit the quasit but do no damage. Your headbutt misses the quasit.
The quasit is moderately wounded.
The quasit closely misses you.
The quasit claws you but does no damage.
The quasit closely misses you.
You barely miss the quasit.
The quasit is moderately wounded.
The quasit bites you but does no damage.
The quasit claws you.
You die...

### #. ..# #.# #.# #.# #.#
#.# #.# #.#
#.################ #.#
#...5@...........#
####.#######..#############.#
..(.>.........#############.#
####.########.#...........#.#
..........# #.#.#.......#.#.#
.##..####.# #.#.#.#####.#<#.#
..#..# #.# #.#.#.# #.###.#
.##..# #.# #.#.#.# #.....#
.##..# #.# #.#.#.# #######


You could see a quasit.

Vanquished Creatures
  3 bats (D:1)
  A giant cockroach (D:1)
  4 goblins (D:1)
  A hobgoblin (D:1)
  A ball python (D:1)
  3 frilled lizards
  2 kobolds (D:1)
  5 rats (D:1)
20 creatures vanquished.

Notes
Turn   | Place    | Note
-------+----------+-------------------------------------------
     0 | D:1      | kae the Demonspawn Transmuter began the quest for the Orb.
     0 | D:1      | Reached XP level 1. HP: 15/15 MP: 3/3
   369 | D:1      | Gained mutation: You sometimes gain a little power by taking damage. [demonic ancestry]
   369 | D:1      | Reached XP level 2. HP: 8/21 MP: 3/5
   816 | D:1      | Reached skill level 3 in Unarmed Combat
  1070 | D:2      | Noticed Natasha
  1078 | D:2      | Noticed a crimson imp
  1249 | D:2      | Slain by a quasit

Vault maps used:
D:1:      sevenhm_arrival_forest_fort_small_3, minmay_domino_4
D:2:      uniq_natasha

Skill      XL: |  1  2 |
---------------+-------+-----
Transmutations | 2 |  2.2
Unarmed Combat | 3 |  3.0
Fighting       | |  1.3
Dodging        | |  1.7
Spellcasting   | |  2.1

Action                   || total
-------------------------++-------
Melee: Unarmed           ||    64
       Kick              ||     3
       Headbutt          ||     2
       Punch             ||     1
Throw: Javelin           ||     4
 Cast: Beastly Appendage ||    12
  Use: Scroll            ||     3
       Potion            ||     1
Armor: Robe              ||    22
Dodge: Dodged            ||    60

Table legend:
 A = Spawn XP
 B = Non-spawn XP
 C = Spawn XP percentage of total XP
 D = Spawn monster count
 E = Non-spawn monster count
 F = Spawn count percentage of total count
 G = Total turns spent on level
                    A         B        C        D         E        F      G
               +---------+---------+-------+---------+---------+-------+---------
         Total |       0 |      29 |   0.0 |       0 |      20 |   0.0 |  1249
               +---------+---------+-------+---------+---------+-------+---------
           D:1 |       0 |      28 |   0.0 |       0 |      19 |   0.0 |  1097
           D:2 |       0 |       1 |   0.0 |       0 |       1 |   0.0 |   152
               +---------+---------+-------+---------+---------+-------+---------
